 Dungeon Crawl Stone Soup version 0.28.0-45-g0d030f2227 (webtiles) character file.

Game seed: 1544264106909584207

7 zeratav the Caller (level 2, -1/15 HPs)
             Began as a Tengu Summoner on Apr 10, 2022.
             Slain by a goblin
             ... wielding a +0 club
              (2 damage)
             ... on level 1 of the Dungeon.
             The game lasted 00:00:37 (266 turns).

zeratav the Caller (Tengu Summoner)                  Turns: 266, Time: 00:00:38

Health: -1/15      AC:  2    Str:  8    XL:     2   Next: 4%
Magic:  6/6        EV: 12    Int: 15    God:
Gold:   6          SH:  0    Dex: 14    Spells: 4/5 levels left

rFire   . . .      SeeInvis .   b - +0 club {mace}
rCold   . . .      Faith    .   (no shield)
rNeg    . . .      Spirit   .   a - +0 robe
rPois   .          Reflect  .   (helmet restricted)
rElec   .          Harm     .   (no cloak)
rCorr   .          Rampage  .   (no gloves)
Will    .....                   (boots unavailable)
Stlth   ++........              (no amulet)
HPRegen 0.05/turn               (no ring)
MPRegen 0.10/turn               (no ring)

@: no status effects
A: beak, talons 3
a: no special abilities


You were on level 1 of the Dungeon.
You visited 1 branch of the dungeon, and saw 1 of its levels.

You collected 6 gold pieces.


Innate Abilities, Weirdness & Mutations

You have a beak for a mouth.
You have claws for feet.


   Skills:
 - Level 2.1 Dodging
 - Level 2.0 Stealth
 + Level 2.1 Spellcasting
 * Level 5.2 Summonings


You had 4 spell levels left.
You knew the following spells:

 Your Spells              Type           Power      Damage    Failure   Level
a - Summon Small Mammal   Summ           68%        N/A       2%          1

Your spell library contained the following spells:

 Spells                   Type           Power      Damage    Failure   Level
 Call Imp                 Summ           17%        N/A       3%          2
 Call Canine Familiar     Summ           17%        N/A       8%          3
 Summon Guardian Golem    Hex/Summ       9%         N/A       22%         3
 Summon Lightning Spire   Summ/Air       9%         N/A       58%         4

Inventory:

Hand Weapons
 b - a +0 club (weapon) {mace}
   (You took it off a kobold on level 1 of the Dungeon)
Missiles
 c - 17 sling bullets
Armour
 a - a +0 robe (worn)

Dungeon Overview and Level Annotations

Branches:
Dungeon (1/15)

Altars:

#8......## #.#
.......##..8....# ##.##
.......##.......## #...#
#.....##........###...#
#.....###8.8#.........#
#.....#######.#####...#
#....##.....## ##.##
####....####....######.#
..##........g@.........##.##
.........†#####........##..#
............#
##.#.......#.###
............#
#..............
............#
#####..........
.............. #..........
....####..#...# #######.###
.... ##...... #.# ... ###..#
#.#


You could see a goblin.


Message History

r - Retreat! s - Stop attacking. g - Guard the area. f - Follow me.
Anything else - Cancel.
Gang up on whom?
Press: ? - help, Dir - move target, f - jackal
Aim: a jackal (moderately wounded, ally target) Attack!
Your quokka barely misses the jackal.
The jackal misses you.
Your quokka closely misses the jackal.
The jackal bites your quokka. The jackal bites you.
HP[-1]
You take 1 damage, and now have 9/10 hp.
You barely miss the jackal. Your peck misses the jackal.
The jackal bites your quokka but does no damage.
The jackal barely misses you.
Your quokka bites the jackal.
The jackal bites your quokka but does no damage.
The jackal closely misses you.
You completely miss the jackal. You peck the jackal. You punch the jackal.
Your quokka bites the jackal but does no damage. x2
The jackal completely misses your quokka.
The jackal bites you but does no damage.
Your quokka closely misses the jackal.
Your quokka misses the jackal. The jackal closely misses your quokka.
MP[+1]
You hit the jackal.
You kill the jackal!
Your quokka bites the jackal but does no damage.
The jackal misses your quokka. The jackal closely misses you.
An endoplasm comes into view.
Your quokka closely misses the jackal.
Your Summonings skill increases to level 5!
You closely miss the jackal. The jackal closely misses your quokka.
Your quokka closely misses the jackal.
The jackal bites you. The jackal bites your quokka.
Your quokka bites the jackal. x2
The jackal misses you.
HP[-2]
You take 2 damage, and now have 7/10 hp.
You hit the jackal but do no damage. The jackal bites your quokka.
The jackal barely misses you.
Your quokka barely misses the jackal.
Your quokka closely misses the jackal.
The jackal barely misses your quokka.
The jackal bites you but does no damage.
Your quokka closely misses the jackal.
Your quokka misses the jackal. You closely miss the jackal.
Your kick misses the jackal. Your peck misses the jackal.
The jackal misses your quokka. The jackal closely misses you.
The endoplasm barely misses your quokka.
Your quokka bites the jackal.
The jackal dies!
The jackal barely misses you.
You closely miss the jackal. Your quokka misses the jackal.
The jackal bites you.
* * * LOW HITPOINT WARNING * * *
The endoplasm misses your quokka.
Your quokka closely misses the jackal.
The jackal bites you.
* * * LOW HITPOINT WARNING * * *
HP[-3]
You take 3 damage, and now have 4/10 hp.
MASSIVE DAMAGE!! (PAUSE)
You hit the jackal but do no damage. Your peck misses the jackal.
The jackal closely misses you.
Your quokka completely misses the jackal.
The endoplasm barely misses your quokka.
You barely miss the jackal. You claw the jackal.
You kill the jackal!
Your quokka bites the endoplasm.
The endoplasm hits your quokka.
Your quokka bites the endoplasm.
The endoplasm closely misses your quokka.
Your quokka bites the endoplasm.
The endoplasm dies!
You have reached level 2!
HP[+2] MP[+1]
You now have 15 max hp (+5).
You regained 2 hp, and now have 6/15 hp.
You start resting.
A goblin comes into view. It is wielding a +0 club.
MP[+1]
A goblin is nearby!
HP[+1]
The goblin hits your quokka but does no damage.
Your quokka misses the goblin.
The goblin hits your quokka with a +0 club.
Your quokka disappears in a puff of smoke!
The goblin barely misses your quokka.
Your quokka bites the goblin.
The goblin hits your quokka with a +0 club.
Your quokka dies!
Your quokka's corpse disappears in a puff of smoke!
MP[+1]
Your mp is fully restored (6).
The goblin hits you with a +0 club.
* * * LOW HITPOINT WARNING * * *
The goblin completely misses you.
HP[-3]
You take 3 damage, and now have 4/15 hp.
The goblin hits you with a +0 club.
* * * LOW HITPOINT WARNING * * *
HP[-3]
You take 3 damage, and now have 1/15 hp.
The goblin misses you. The goblin hits you with a +0 club.
You die...

Skill      XL: |  1 |
---------------+----+-----
Summonings     | 5 |  5.2
Dodging        | |  2.1
Stealth        | |  2.0
Spellcasting   | |  2.1

Action                   || total
-------------------------++-------
Melee: Club              ||     9
       Unarmed           ||     2
       Kick              ||     2
       Peck              ||     1
       Punch             ||     1
 Cast: Summon Small Mamm ||     6
Armor: Robe              ||     2
Dodge: Dodged            ||    13

Levels and vault maps discovered:
D:1:      mrwooster_arrival_statue_2, layout_rooms

Notes
Turn   | Place    | Note
-------+----------+-------------------------------------------
     0 | D:1      | zeratav the Tengu Summoner began the quest for the Orb.
     0 | D:1      | Reached XP level 1. HP: 10/10 MP: 4/4
     0 | D:1      | magus.rc [v1.9.6]
   244 | D:1      | Reached skill level 5 in Summonings
   251 | D:1      | Reached XP level 2. HP: 6/15 MP: 4/6
   264 | D:1      | HP: 1/15 [goblin/+0 club (3)]
   266 | D:1      | Slain by a goblin

Vanquished Creatures
  2 jackals (D:1)
2 creatures vanquished.

Vanquished Creatures (collateral kills)
  An endoplasm (D:1)
  A jackal (D:1)
  A kobold (D:1)
  A rat (D:1)
4 creatures vanquished.

Grand Total: 6 creatures vanquished

Table legend:
 A = Non-vault XP
 B = Vault XP
 C = Vault XP percentage of total XP
 D = Non-vault monster count
 E = Vault monster count
 F = Vault count percentage of total count
                 A         B        C        D         E       F
            +---------+---------+-------+---------+---------+-------
      Total |      11 |       0 |   0.0 |       6 |       0 |   0.0
            +---------+---------+-------+---------+---------+-------
        D:1 |      11 |       0 |   0.0 |       6 |       0 |   0.0
            +---------+---------+-------+---------+---------+-------

Illustrated notes

Table legend:
 A = Kills in this place as a percentage of kills in entire the game.
 B = Kills by you in this place as a percentage of kills by you in the entire game.
 C = Kills by friends in this place as a percentage of kills by friends in the entire game.
 D = Other kills in this place as a percentage of other kills in the entire game.
 E = Experience gained in this place as a percentage of experience gained in the entire game.
 F = Experience gained in this place divided by the number of levels of this place that you have seen.
                   A       B       C       D       E      F
               +-------+-------+-------+-------+-------+----------------------
         Total | 100.0 | 100.0 | 100.0 |   N/A | 100.0 |  11.0
       Dungeon | 100.0 | 100.0 | 100.0 |   N/A | 100.0 |  11.0
               +-------+-------+-------+-------+-------+----------------------

Table legend: (Time is in decaauts)
 A = Elapsed time spent in this place.
 B = Non-inter-level travel time spent in this place.
 C = Inter-level travel time spent in this place.
 D = Time resting spent in this place.
 E = Time spent auto-exploring this place.
 F = Levels seen in this place.
 G = Mean time per level.
                   A        B        C        D        E       F      G
               +--------+--------+--------+--------+--------+-----+--------+
         Total |    268 |    268 |      0 |      0 |    179 |   1 |  268.0 |
       Dungeon |    268 |    268 |      0 |      0 |    179 |   1 |  268.0 |
               +--------+--------+--------+--------+--------+-----+--------+

Top non-repeatable levels by time:
     D:1: 268 daAuts
